 Dungeon Crawl Stone Soup version 0.28.0-53-g5a82cb258f (webtiles) character file.

Game seed: 18401804055951410762

168 Descartes the Sneak (level 5, -3/36 HPs)
             Began as an Octopode Delver on June 22, 2022.
             Slain by a gnoll
             ... wielding a +0 spear
              (4 damage)
             ... on level 5 of the Dungeon.
             The game lasted 00:00:26 (318 turns).

Descartes the Sneak (Octopode Delver)                Turns: 318, Time: 00:00:28

Health: -3/36      AC:  1    Str: 11    XL:     5   Next: 49%
Magic:  5/5        EV: 14    Int: 12    God:
Gold:   47         SH:  0    Dex: 16    Spells: 4/4 levels left

rFire   . . .      SeeInvis .   a - +0 short sword
rCold   . . .      Faith    .   (no shield)
rNeg    . . .      Spirit   .   (helmet restricted)
rPois   .          Reflect  .   (no amulet)
rElec   .          Harm     .   (no ring)
rCorr   .          Rampage  .   (no ring)
Will    .....                   (no ring)
Stlth   +++++.....              (no ring)
HPRegen 0.12/turn               (no ring)
MPRegen 0.09/turn               (no ring)
                                (no ring)
                                (no ring)

@: no status effects
A: almost no armour, amphibious, 8 rings, camouflage 1, gelatinous body 1,
(nimble swimmer 1), tentacles
a: no special abilities


You were on level 5 of the Dungeon.
You visited 1 branch of the dungeon, and saw 1 of its levels.

You collected 47 gold pieces.

Inventory:

Hand Weapons
 a - a +0 short sword (weapon)
Wands
 f - a wand of digging (3)
Scrolls
 b - a scroll of fog
 c - a scroll of magic mapping
 d - a scroll of fear
 h - a scroll of identify {unknown}
Potions
 e - a potion of haste
 g - a potion of ambrosia {unknown}


   Skills:
 - Level 3.0 Fighting
 + Level 3.5 Short Blades
 + Level 3.5 Dodging
 + Level 7.9 Stealth


You had 4 spell levels left.
You didn't know any spells.
Your spell library was empty.

Dungeon Overview and Level Annotations

Branches:
Dungeon (5/15)
 Temple: D:4-7

Altars:


Innate Abilities, Weirdness & Mutations

You cannot wear most types of armour.
You are amphibious.
You can wear up to eight rings at the same time.
Your skin changes colour to match your surroundings (Stealth+).
Your rubbery body absorbs attacks. (AC +1, EV +1)
((You are camouflaged when in or above water. (Stealth+)))
You have tentacles for arms and can constrict up to eight enemies at once.


Message History

No target in view!
No target in view!
No target in view!
No target in view!
No target in view!
No target in view!
Found an escape hatch in the floor.
There is an escape hatch in the floor here.
There is a stone staircase leading up here.
Found an escape hatch in the ceiling.
A gnoll comes into view. It is wielding a +0 halberd.
A gnoll is nearby!
A gnoll sergeant and 4 gnolls come into view.
The helpless gnoll fails to defend itself.
You impale the gnoll!!
You kill the gnoll!
You see here a +0 halberd.
The gnoll sergeant shouts!
The gnoll shouts!
The gnoll sergeant hits you from afar with a +0 trident!
The gnoll barely misses you.
The gnoll shouts!
You hit the gnoll. Your grab misses the gnoll.
The gnoll is moderately wounded.
The gnoll sergeant misses you. The gnoll hits you with a +0 spear.
You are too injured to fight recklessly!
You are too injured to fight recklessly!
You are too injured to fight recklessly!
You are too injured to fight recklessly!
You are too injured to fight recklessly!
You are too injured to fight recklessly!
You are too injured to fight recklessly!
You are too injured to fight recklessly!
There are monsters nearby!
You hit the gnoll. You grab the gnoll.
The gnoll is heavily wounded.
You constrict the gnoll, but do no damage.
The gnoll sergeant hits you from afar with a +0 trident!
* * * LOW HITPOINT WARNING * * *
The gnoll hits you with a +0 spear.
You die...

##..(......#
#..#.####.#
#.........#
#.........#
#...##.#..#
#...#......
#.......#..
###########
#.......#.#
..ggggg@).#
###......†#
.########.# #####.###
#.### #.# #...# ##.##
###.# #...# #.# #<..#
########.# #...##
.......#.#### #.....
............####....#


You could see a gnoll sergeant and 4 gnolls.

Vanquished Creatures
  2 scorpions (D:5)
  A bullfrog skeleton (D:5)
  A gnoll (D:5)
  An adder (D:5)
  A worm (D:5)
6 creatures vanquished.

Notes
Turn   | Place    | Note
-------+----------+-------------------------------------------
     0 | D:5      | Descartes the Octopode Delver began the quest for the Orb.
     0 | D:5      | Reached XP level 1. HP: 16/16 MP: 1/1
    24 | D:5      | Reached XP level 2. HP: 21/21 MP: 2/2
    48 | D:5      | Noticed a scorpion
    52 | D:5      | Killed a scorpion
    53 | D:5      | Reached skill level 7 in Stealth
    53 | D:5      | Reached XP level 3. HP: 26/26 MP: 3/3
    53 | D:5      | Reached XP level 4. HP: 31/31 MP: 4/4
   197 | D:5      | Noticed a scorpion
   199 | D:5      | Killed a scorpion
   200 | D:5      | Reached XP level 5. HP: 36/36 MP: 5/5
   318 | D:5      | HP: 1/36 [gnoll sergeant/+0 trident (17)]
   318 | D:5      | Slain by a gnoll

Illustrated notes

Levels and vault maps discovered:
D:5:      layout_loops_cross, minmay_temple_entry_offerings

Skill      XL: |  1  2  3  4 |
---------------+-------------+-----
Stealth        | 7 |  7.9
Short Blades   | 3 |  3.5
Dodging        | 3 |  3.5
Fighting       | |  3.0

Action                   |  1- 3 |  4- 6 || total
-------------------------+-------+-------++-------
Melee: Short sword       |     4 |    13 ||    17
       Tentacles         |     2 |     1 ||     3
       Constrict         |     1 |     3 ||     4
 Stab: Sleeping          |     2 |     2 ||     4
Dodge: Dodged            |     3 |     8 ||    11
